Map: Arctic Dream LE

Players

Xhilbert

  • Race: Protoss Protoss
  • Spawn Location: 11:00

Fluo

  • Race: Zerg Zerg
  • League: Diamond
  • Spawn Location: 12:00

qqq - Winner!

  • Race: Zerg Zerg
  • League: Platinum
  • Spawn Location: 5:00

Massa - Winner!

  • Race: Terran Terran
  • League: Platinum
  • Spawn Location: 6:00

VOD

Have the link to the VOD?

Description

Time

  • Played on: Dec. 3, 2020, 4:28 p.m.
  • Length: 10:09
Show
View Real Time Build Order
Export as new Build Order

Xhilbert Protoss 

Build Orders: 1 Gate Expand 

Get SALT Encoding   

  12  0:00  Probe  
  13  0:12  Probe  
  14  0:17  Pylon  
  14  0:25  Probe  
  15  0:37  Gateway  
  15  0:40  Probe (Chrono Boost)  
  17  0:50  Probe (Chrono Boost)  
  17  0:53  Assimilator  
  17  0:55  Probe (Chrono Boost)  
  18  1:06  Probe  
  19  1:18  Probe  
  19  1:25  Nexus  
  19  1:35  Cybernetics Core  
  19  1:37  Probe  
  20  1:48  Assimilator  
  20  1:49  Probe  
  21  2:01  Probe, Pylon  
  22  2:13  Probe  
  23  2:17  Warp Gate  
  23  2:19  Stalker  
  25  2:26  Probe  
  26  2:38  Probe x2 (Chrono Boost)  
  28  2:47  Probe x2 (Chrono Boost)  
  30  2:52  Probe x2 (Chrono Boost)  
  30  2:55  Stargate  
  30  2:57  Pylon  
  32  3:02  Pylon  
  27  3:05  Stalker  
  34  3:16  Pylon  
  34  3:23  Probe (Chrono Boost)  
  34  3:24  Probe (Chrono Boost)  
  38  3:34  Assimilator  
  38  3:35  Probe (Chrono Boost)  
  38  3:36  Probe (Chrono Boost)  
  38  3:38  Assimilator  
  38  3:40  Probe x2 (Chrono Boost)  
  38  3:41  Pylon  
  39  3:42  Forge  
  39  3:45  Void Ray (Chrono Boost)  
  40  3:49  Probe  
  40  3:50  Probe  
  46  4:01  Probe  
  46  4:02  Probe  
  48  4:08  Stalker  
  46  4:17  Void Ray (Chrono Boost)  
  46  4:33  Stalker  
  24  4:46  Void Ray (Chrono Boost)  
  14  5:01  Probe (Chrono Boost)  
  14  5:04  Probe (Chrono Boost)  
  15  5:14  Probe (Chrono Boost)  
  17  5:18  Probe (Chrono Boost)  
  17  5:19  Probe (Chrono Boost)  
  18  5:26  Probe  
  18  5:28  Probe  
  20  5:33  Stalker  
  22  5:38  Probe  
  23  5:52  Shield Battery  
  23  5:57  Probe  
  23  6:01  Probe  
  25  6:15  Probe x2  
  27  6:27  Probe x2  
  29  6:39  Probe  
  31  6:40  Probe  
  31  6:51  Probe  
  31  6:52  Probe  
  33  7:03  Probe  
  33  7:04  Probe  
  23  7:15  Photon Cannon  
  23  7:17  Probe x2  
  23  7:19  Photon Cannon  
  25  7:28  Stalker  
  25  7:29  Probe (Chrono Boost)  
  29  7:30  Probe (Chrono Boost)  
  29  7:41  Probe (Chrono Boost)  
  29  7:42  Probe (Chrono Boost)  
  31  7:49  Probe x2 (Chrono Boost)  
  33  7:56  Probe x2  
  35  8:01  Gateway  
  35  8:02  Gateway  
  35  8:07  Stalker  
  35  8:08  Probe x2  
  39  8:20  Probe  
  39  8:26  Probe  
  39  8:32  Probe, Stalker  
  38  9:02  Probe x2  
  40  9:09  Photon Cannon  
  39  9:12  Photon Cannon  
  39  9:14  Probe  
  39  9:15  Photon Cannon  
  39  9:16  Probe  
  26  9:26  Probe  
  26  9:28  Probe  
  18  9:38  Probe  
  18  9:40  Probe  
  18  9:50  Probe  
  18  9:52  Probe  
Show
View Real Time Build Order
Export as new Build Order

Fluo Zerg 

Build Orders: Hatch First, Zergling Baneling 

Get SALT Encoding   

  12  0:00  Drone  
  13  0:13  Overlord  
  13  0:16  Drone  
  14  0:31  Drone x2  
  16  0:41  Drone  
  17  0:49  Drone  
  18  1:04  Drone  
  18  1:05  Hatchery  
  18  1:13  Spawning Pool  
  18  1:15  Extractor  
  18  1:17  Drone  
  17  1:21  Drone  
  18  1:33  Drone  
  18  1:39  Drone  
  20  1:56  Overlord  
  20  2:03  Queen  
  20  2:06  Hatchery  
  20  2:07  Zergling x2  
  22  2:15  Zergling x2  
  23  2:23  Metabolic Boost  
  23  2:26  Zergling x4  
  25  2:32  Queen  
  27  2:39  Drone x2  
  27  2:42  Drone  
  30  2:58  Drone  
  30  2:59  Drone x2, Baneling Nest  
  30  3:05  Zergling x4  
  34  3:13  Drone  
  35  3:25  Zergling x4  
  37  3:29  Queen  
  37  3:30  Zergling x6  
  42  3:40  Overlord  
  42  3:50  Overlord x2  
  42  4:00  Zergling x16  
  50  4:16  Zergling x8  
  47  4:22  Baneling  
  47  4:23  Baneling x10  
  43  4:33  Zergling x2  
  43  4:34  Zergling x8  
  45  4:50  Zergling x6  
  41  5:14  Zergling x2  
  41  5:15  Zergling x6  
  42  5:29  Zergling x6  
  43  5:40  Drone  
  43  5:41  Drone  
  45  5:43  Lair  
  44  5:58  Baneling  
  44  5:59  Baneling x5  
  44  6:00  Drone x4  
  45  6:29  Zergling x2  
  46  6:36  Roach Warren  
  46  6:37  Drone  
  46  6:38  Drone x8  
  50  6:52  Zergling x4  
  52  6:58  Extractor  
  51  7:02  Overseer, Hydralisk Den  
  51  7:04  Zergling x2  
  51  7:05  Zergling x8  
  55  7:12  Spore Crawler  
  55  7:13  Spore Crawler  
  55  7:14  Spore Crawler  
  55  7:15  Spore Crawler  
  51  7:16  Spore Crawler  
  51  7:18  Spore Crawler x2  
  51  7:19  Spore Crawler  
  51  7:20  Spore Crawler  
  46  7:29  Overlord x3  
  46  7:32  Hydralisk  
  46  7:33  Hydralisk  
  50  7:41  Drone x5  
  55  7:56  Drone x2  
  55  7:57  Drone  
  55  8:18  Hydralisk x3  
  57  8:42  Roach  
  57  8:43  Roach x3  
  59  8:55  Zergling x10  
  63  9:02  Zergling x6  
  67  9:07  Zergling x2  
  66  9:26  Zergling x2  
  66  9:27  Zergling x10  
  66  9:29  Overseer  
Show
View Real Time Build Order
Export as new Build Order

qqq Zerg - Winner!

Build Orders: Hatch First 

Get SALT Encoding   

  12  0:01  Drone  
  13  0:12  Drone  
  14  0:25  Overlord  
  14  0:44  Hatchery  
  13  0:51  Drone  
  13  0:52  Drone  
  13  0:56  Drone  
  16  1:16  Extractor, Spawning Pool  
  14  1:24  Drone x2  
  16  1:26  Drone  
  17  1:35  Drone  
  18  1:50  Drone  
  19  2:06  Queen  
  19  2:07  Queen  
  24  2:08  Drone  
  24  2:09  Drone  
  24  2:12  Drone  
  26  2:18  Overlord  
  26  2:22  Drone  
  27  2:26  Zergling x2  
  28  2:31  Metabolic Boost  
  28  2:38  Overlord  
  28  2:42  Drone  
  30  2:44  Zergling x2  
  30  2:50  Drone  
  30  2:51  Zergling x2  
  32  2:55  Overlord  
  32  3:01  Zergling x2  
  32  3:03  Zergling x2  
  34  3:13  Zergling x2  
  34  3:14  Zergling x2  
  34  3:18  Zergling x6  
  34  3:19  Overlord  
  39  3:20  Zergling x2  
  39  3:24  Zergling x2  
  41  3:31  Zergling x2  
  41  3:32  Zergling x2  
  43  3:39  Zergling x2  
  43  3:40  Zergling x2  
  45  3:53  Zergling x6  
  45  3:54  Zergling x2  
  45  3:55  Zergling x4  
  51  3:59  Lair  
  46  4:18  Zergling x6  
  46  4:19  Zergling x2  
  47  4:32  Zergling x8  
  47  4:33  Zergling x4  
  42  4:59  Queen, Spore Crawler  
  40  5:00  Queen  
  40  5:01  Drone x3  
  45  5:08  Spire  
  45  5:09  Drone  
  45  5:10  Drone  
  45  5:11  Spore Crawler  
  45  5:32  Drone, Zergling x4  
  45  5:33  Drone x2  
  49  6:01  Drone x3  
  49  6:03  Hatchery  
  49  6:16  Drone  
  49  6:17  Drone x2  
  49  6:18  Extractor  
  51  6:29  Drone x2  
  53  6:32  Extractor  
  53  6:34  Extractor, Mutalisk  
  53  6:36  Mutalisk x3  
  59  6:43  Drone  
  59  6:44  Drone  
  53  6:49  Spore Crawler  
  48  7:15  Mutalisk x2  
  48  7:17  Drone x4  
  56  7:24  Mutalisk  
  56  7:26  Zergling x2  
  56  7:27  Drone, Zergling x4  
  62  7:35  Drone  
  63  7:43  Drone x2  
  65  7:45  Extractor, Overlord  
  65  7:46  Overlord  
  65  7:47  Extractor, Overlord  
  65  7:49  Queen  
  65  7:55  Overlord x3  
  65  7:56  Drone  
  66  7:58  Zerg Flyer Weapons Level 1  
  66  8:03  Infestation Pit  
  65  8:22  Mutalisk  
  65  8:23  Mutalisk x3  
  65  8:24  Zergling x2  
  65  8:25  Zergling x8  
  75  8:42  Mutalisk x2  
  75  8:43  Drone x4  
  83  9:15  Mutalisk  
  83  9:16  Mutalisk x3  
  86  9:17  Drone  
  86  9:18  Drone x4  
  91  9:31  Mutalisk  
  89  9:43  Mutalisk x2  
  89  9:44  Drone x2  
  89  9:45  Zergling x2  
Show
View Real Time Build Order
Export as new Build Order

Massa Terran - Winner!

Build Orders: 2 Factory, Hellion Opening 

Get SALT Encoding   

  12  0:00  SCV  
  13  0:13  SCV  
  14  0:17  Supply Depot  
  14  0:25  SCV  
  15  0:39  SCV  
  15  0:41  Barracks  
  16  0:50  Refinery  
  16  0:51  SCV  
  16  0:55  Refinery  
  17  1:03  SCV  
  18  1:15  SCV  
  19  1:27  SCV  
  20  1:34  Supply Depot  
  20  1:41  Factory  
  20  1:46  Orbital Command  
  20  1:49  Barracks Tech Lab  
  20  2:02  Factory  
  20  2:13  SCV  
  21  2:20  Barracks Reactor  
  21  2:26  SCV  
  22  2:31  Infernal Pre-Igniter  
  22  2:33  Hellion  
  24  2:39  SCV  
  24  2:42  Supply Depot  
  25  2:46  Hellion  
  27  3:00  Hellion  
  27  3:03  SCV  
  30  3:06  Barracks Tech Lab  
  30  3:14  Hellion x2  
  34  3:21  Hellion  
  34  3:25  Marine  
  37  3:35  Hellion  
  37  3:40  Supply Depot  
  39  3:42  Supply Depot  
  39  4:02  Hellion x3, Stimpack  
  45  4:24  Hellion  
  45  4:37  Marine  
  44  4:42  Widow Mine x2  
  44  4:45  Widow Mine  
  50  4:54  Marine  
  51  5:04  Widow Mine  
  49  5:12  Marine  
  36  5:38  Widow Mine  
  36  5:39  Widow Mine x2  
  42  5:50  Command Center  
  42  5:51  Command Center  
  42  5:52  Engineering Bay  
  42  5:57  Marine  
  42  5:59  Starport  
  42  6:00  Widow Mine x3  
  49  6:14  Marine  
  44  6:38  Widow Mine x3  
  49  6:59  Widow Mine  
  49  7:00  Widow Mine  
  53  7:03  Armory  
  53  7:05  Missile Turret  
  53  7:06  Marine  
  54  7:16  Supply Depot  
  54  7:21  Supply Depot  
  54  7:24  Marine  
  55  7:37  Hellion x3  
  63  7:44  Marauder  
  63  7:47  SCV  
  64  7:59  Hellion  
  54  8:50  Marauder  
  54  8:54  Barracks  
  54  8:56  Barracks  
  54  9:01  Barracks  
  52  9:03  Barracks  
  52  9:07  Orbital Command  
  52  9:08  SCV  
  53  9:11  Marauder  
  53  9:12  Command Center  
  53  9:19  Missile Turret  
  53  9:20  SCV  
  54  9:24  Widow Mine x2  
  58  9:32  Medivac  
  58  9:33  SCV  
  61  9:42  Hellion  
  63  9:47  Hellion  
Tags
 
Add a new tag
Caveats
  • Supply blocks, unpowered buildings, or Contaminate may cause inaccurate times.
  • Supply counts are checked every 10 seconds.